Map: Moonlight Madness LE (Void)

Players

Javert

  • Race: Zerg Zerg
  • League: Gold

Dya - Winner!

  • Race: Protoss Protoss
  • League: Gold

VOD

Have the link to the VOD?

Description

Time

  • Played on: Sept. 29, 2015, 12:35 a.m.
  • Length: 6:20
Show
View Real Time Build Order
Export as new Build Order

Javert Zerg 

Build Orders: Pool First 

Get SALT Encoding   

  12  0:01  Drone  
  13  0:15  Overlord  
  13  0:18  Drone  
  14  0:35  Drone x2  
  16  0:39  Drone  
  17  0:50  Spawning Pool  
  17  0:54  Drone  
  17  1:25  Hatchery  
  16  1:37  Drone x3  
  19  1:45  Queen  
  20  2:04  Spine Crawler  
  19  2:09  Drone x2  
  21  2:34  Zergling x2  
  22  3:03  Queen  
  22  3:04  Overlord  
  24  3:10  Drone x2  
  24  3:12  Extractor  
  25  3:13  Extractor  
  23  3:24  Drone x4  
  27  3:52  Overlord x2  
  27  3:59  Baneling Nest  
  26  4:13  Zergling x8  
  30  4:23  Drone x5  
  35  4:31  Metabolic Boost  
  35  4:35  Overlord x2  
  35  4:42  Drone x2  
  35  4:43  Drone x2  
  39  4:59  Drone x4  
  43  5:00  Drone x3  
  46  5:14  Roach Warren, Spine Crawler  
  44  5:21  Spine Crawler  
  44  5:24  Drone  
  44  5:25  Drone x7  
Show
View Real Time Build Order
Export as new Build Order

Dya Protoss - Winner!

Build Orders: Cannon Rush 

Get SALT Encoding   

  12  0:00  Probe (Chrono Boost)  
  13  0:10  Probe (Chrono Boost)  
  14  0:18  Pylon  
  14  0:23  Probe (Chrono Boost)  
  15  0:35  Probe (Chrono Boost)  
  15  0:40  Forge  
  16  0:52  Pylon  
  16  0:56  Probe (Chrono Boost)  
  17  1:02  Gateway  
  17  1:10  Assimilator  
  17  1:17  Photon Cannon  
  17  1:28  Pylon  
  17  1:39  Gateway  
  17  1:49  Photon Cannon  
  17  1:58  Photon Cannon  
  17  2:01  Pylon  
  17  2:05  Photon Cannon  
  17  2:16  Cybernetics Core  
  17  2:22  Pylon  
  17  2:38  Probe (Chrono Boost)  
  18  2:45  Photon Cannon  
  18  2:48  Probe (Chrono Boost)  
  19  3:01  Stalker  
  21  3:10  Assimilator  
  20  3:24  Gateway  
  20  3:25  Gateway  
  20  3:31  Stalker  
  22  3:37  Nexus  
  22  3:42  Pylon  
  22  3:53  Stalker  
  24  4:08  Warp Gate (Chrono Boost)  
  24  4:11  Stalker  
  26  4:23  Probe  
  27  4:30  Stalker  
  29  4:35  Probe  
  30  4:42  Stalker  
  32  4:51  Probe  
  32  4:54  Assimilator  
  33  5:00  Sentry  
  33  5:01  Probe  
  34  5:09  Photon Cannon  
  34  5:11  Probe  
  35  5:15  Photon Cannon  
  35  5:34  Stargate  
  37  5:50  Probe  
  38  5:59  Probe  
  38  6:03  Stalker x2  
  41  6:09  Stalker  
Tags
 
Add a new tag
Caveats
  • Supply blocks, unpowered buildings, or Contaminate may cause inaccurate times.
  • Supply counts are checked every 10 seconds.